 Dungeon Crawl Stone Soup version 0.28-a0-622-gbaef9634d7 (webtiles) character file.

Game seed: 1044597821423079231

54 tilp the Conjurer (level 3, 0/14 HPs)
             Began as a Felid Hedge Wizard on Oct 7, 2021.
             Slain by Sigmund (14 damage)
             ... on level 2 of the Dungeon.
             The game lasted 00:02:09 (2417 turns).

tilp the Conjurer (Felid Hedge Wizard)              Turns: 2417, Time: 00:02:09

Health: 0/14       AC:  1    Str:  6    XL:     3   Next: 66%
Magic:  8/8        EV: 17    Int: 16    God:
Gold:   65         SH:  0    Dex: 15    Spells: 7/8 levels left
                                        Lives:  0   Deaths: 0

rFire   . . .      SeeInvis +   (weapon unavailable)
rCold   . . .      Faith    .   (shield unavailable)
rNeg    . . .      Spirit   .   (armour unavailable)
rPois   +          Reflect  .   (helmet unavailable)
rElec   .          Harm     .   (cloak unavailable)
rCorr   .          Rampage  .   (gloves unavailable)
Will    .....                   (boots unavailable)
Stlth   +.........              (no amulet)
HPRegen 0.04/turn               f - ring of flight
MPRegen 0.11/turn               h - ring of poison resistance

@: confused, flying, quick
A: very small, claws 1, fangs 3, see invisible, speed 1, shaggy fur 1, stealthy
paws, no weapons or thrown items, no armour, multi-lived
a: no special abilities


You were on level 2 of the Dungeon.
You visited 1 branch of the dungeon, and saw 2 of its levels.

You collected 65 gold pieces.

Inventory:

Jewellery
 f - a ring of flight (left paw)
 h - a ring of poison resistance (right paw)
Scrolls
 d - a scroll of immolation {unknown}
Potions
 a - a potion of attraction
 b - a potion of heal wounds {unknown}
 c - a potion of mutation {unknown}
 e - 2 potions of brilliance
 g - 3 potions of curing {unknown}
 i - a potion of lignification {unknown}


   Skills:
 - Level 2.6 Dodging
 - Level 2.6 Stealth
 - Level 3.0 Spellcasting
 + Level 3.3 Conjurations
 - Level 1.0 Summonings
 - Level 1.5 Translocations


You had 7 spell levels left.
You knew the following spells:

 Your Spells              Type           Power      Damage    Failure   Level
a - Magic Dart            Conj           52%        1d5       4%          1

Your spell library contained the following spells:

 Spells                   Type           Power      Damage    Failure   Level
 Apportation              Tloc           14%        N/A       10%         1
 Summon Small Mammal      Summ           20%        N/A       12%         1
 Blink                    Tloc           N/A        N/A       16%         2
 Animate Skeleton         Necr           4%         N/A       19%         1
 Call Imp                 Summ           5%         N/A       19%         2
 Slow                     Hex            2%         N/A       28%         2
 Conjure Flame            Conj/Fire      7%         6-21      28%         3
 Mephitic Cloud           Conj/Pois/Air  5%         N/A       34%         3


Dungeon Overview and Level Annotations

Branches:
Dungeon (2/15)

Altars:

Annotations:
D:2 Sigmund


Innate Abilities, Weirdness & Mutations

You have sharp claws.
You have razor-sharp teeth.
You have supernaturally acute eyesight. (SInv)
You cover ground quickly. (Speed+)
You are covered in fur. (AC +1)
Your paws help you pounce on unaware monsters.
You are incapable of wielding weapons or throwing items.
You cannot wear armour.
You gain extra lives every three experience levels.


Message History

Confirm with . or Enter, or press ? or * to list all spells.
Aiming: Magic Dart (safe; 4% risk of failure)
Press: ? - help, Shift-Dir - straight line, f - ball python
Aim: a ball python (asleep, 100% to hit)
The magic dart hits the ball python.
The ball python is severely wounded.
The ball python hisses angrily.
Unknown command.
Casting: Magic Dart (safe; 4% risk of failure)
Confirm with . or Enter, or press ? or * to list all spells.
Aiming: Magic Dart (safe; 4% risk of failure)
Press: ? - help, Shift-Dir - straight line, f/p - ball python
Aim: a ball python (severely wounded, 100% to hit)
The magic dart hits the ball python.
You kill the ball python!
Unknown command.
There is an open door here.
Sigmund the Dreaded comes into view.
He is wielding a +0 scythe.
Sigmund is nearby!
Sigmund is nearby!
Sigmund is nearby!
The helpless Sigmund fails to defend himself.
You scratch Sigmund. You bite Sigmund.
Sigmund is lightly wounded.
Sigmund casts a spell at you.
You are confused.
Unknown command.
You bump into the rock wall.
Sigmund gestures at you while chanting. You resist with some effort.
You're too confused to cast spells.
Unknown command.
Unknown command.
You barely miss Sigmund.
Sigmund is lightly wounded.
Sigmund barely misses you.
Okay, then.
You're too confused to move!
Sigmund hits you with a +0 scythe!
Ouch! That really hurt!
You die...

#.####).......#
#.#..>..........#
#......#.####.###
#......#<#.# #.#
######.###.# #.#
#. ..# #.# ## ###
#.# #.########
#.@@......
##########


You could see Sigmund.

Vanquished Creatures
  2 adders (D:2)
  An orc (D:2)
  2 endoplasms
  3 giant cockroaches (D:1)
  4 goblins
  4 hobgoblins
  2 quokkas (D:1)
  6 ball pythons
  2 bats (D:1)
  A frilled lizard (D:1)
  4 kobolds
  A rat (D:1)
32 creatures vanquished.

Notes
Turn   | Place    | Note
-------+----------+-------------------------------------------
     0 | D:1      | tilp the Felid Hedge Wizard began the quest for the Orb.
     0 | D:1      | Reached XP level 1. HP: 7/7 MP: 5/5
    61 | D:1      | Reached skill level 1 in Conjurations
   433 | D:1      | Reached XP level 2. HP: 11/11 MP: 1/7
  1978 | D:2      | Reached XP level 3. HP: 14/14 MP: 2/8
  2412 | D:2      | Noticed Sigmund
  2417 | D:2      | Slain by Sigmund

Illustrated notes

Levels and vault maps discovered:
D:1:      lemuel_arrival_hallway, layout_basic, minmay_tetromino_i4
D:2:      layout_basic, minmay_split_cup_small, uniq_sigmund

Skill      XL: |  1  2  3 |
---------------+----------+-----
Conjurations   | 1 2 3 |  3.3
Dodging        | |  2.6
Stealth        | |  2.6
Spellcasting   | |  3.0
Summonings     | |  1.0
Translocations | |  1.5

Action                   || total
-------------------------++-------
Melee: Unarmed           ||    25
       Bite              ||     2
 Cast: Magic Dart        ||    92
  Use: Scroll            ||     5
 Stab: Sleeping          ||     1
Dodge: Dodged            ||    33

Table legend: (Time is in decaauts)
 A = Elapsed time spent in this place.
 B = Non-inter-level travel time spent in this place.
 C = Inter-level travel time spent in this place.
 D = Time resting spent in this place.
 E = Time spent auto-exploring this place.
 F = Levels seen in this place.
 G = Mean time per level.
                   A        B        C        D        E       F      G
               +--------+--------+--------+--------+--------+-----+--------+
         Total |   2196 |   2156 |     40 |    268 |   1665 |   2 | 1098.0 |
       Dungeon |   2196 |   2156 |     40 |    268 |   1665 |   2 | 1098.0 |
               +--------+--------+--------+--------+--------+-----+--------+

Top non-repeatable levels by time:
     D:1: 1470 daAuts
     D:2: 725 daAuts
